 Dungeon Crawl Stone Soup version 0.31-a0-187-gba352fbbf7 (webtiles) character file.

Game seed: 13923813090007110521

81 qw the Shooter (level 4, -5/25 HPs)
             Began as a Deep Elf Hunter on June 22, 2023.
             Killed by nerve-wracking pain
             ... invoked by an orc priest
              (7 damage)
             ... on level 2 of the Dungeon.
             The game lasted 00:00:34 (1961 turns).

qw the Shooter (Deep Elf Hunter)                    Turns: 1961, Time: 00:00:35

Health: -5/25      AC:  6    Str: 10    XL:     4   Next: 19%
Magic:  6/6        EV: 11    Int: 14    God:
Gold:   86         SH:  0    Dex: 18    Spells: 3/3 levels left

rFire   . . .        Y - +0 shortbow
rCold   + . .        (shield currently unavailable)
rNeg    . . .        i - +0 ring mail
rPois   .            (no helmet)
rElec   .            (no cloak)
rCorr   .            (no gloves)
SInv    .            a - +0 pair of boots
Will    .....        (no amulet)
Stlth   +            e - ring of protection from cold
HPRegen 0.24/turn    (no ring)
MPRegen 0.10/turn

%: no passive effects
@: no status effects
A: no striking features
a: no special abilities


You were on level 2 of the Dungeon.
You visited 1 branch of the dungeon, and saw 3 of its levels.

You collected 144 gold pieces.
You spent 58 gold pieces at shops.


   Skills:
 - Level 1.5 Fighting
 + Level 7.6 Ranged Weapons
 - Level 2.4 Dodging
 - Level 1.2 Stealth


You had 3 spell levels left.
You didn't know any spells.
Your spell library was empty.

Inventory:

Hand Weapons
 Y - a +0 shortbow (weapon)
Armour
 a - a +0 pair of boots (worn)
 i - a +0 ring mail (worn)
Jewellery
 d - a ring of fire
 e - a ring of protection from cold (left hand)
Potions
 f - a potion of heal wounds {unknown}
 h - 2 potions of curing

Dungeon Overview and Level Annotations

Branches:
Dungeon (3/15)

Altars:
Elyvilon

Shops:
D:2 [


Message History

The orc priest miscasts a cantrip.
You shoot an arrow. The arrow hits the orc.
You kill the orc!
The orc priest hits you but does no damage.
You shoot an arrow. The arrow barely misses the orc priest.
The arrow closely misses the rat.
The arrow hits the rat.
You kill the rat!
The orc priest mumbles some strange prayers to Beogh against you.
Beogh smites you!
Ouch! That really hurt!
1953 ||| STAIRDANCE The orc priest hits you but does no damage.
You climb upwards.
Reactivating autopickup.
There is a stone staircase leading down here.
You shoot an arrow. The arrow hits the orc priest.
The orc priest is lightly wounded.
The orc priest closely misses you.
You shoot an arrow. The arrow hits the orc priest.
The orc priest is moderately wounded.
The orc priest invokes the aid of Beogh against you.
Pain shoots through your body!
You shoot an arrow. The arrow barely misses the orc priest.
The orc priest hits you with a +0 dagger.
You shoot an arrow. The arrow hits the orc priest.
The orc priest is severely wounded.
The orc priest calls down the wrath of Beogh upon you.
Pain shoots through your body!
You shoot an arrow.
The arrow hits the orc priest but does no damage.
The orc priest is severely wounded.
The orc priest hits you with a +0 dagger.
The orc priest misses you.
You shoot an arrow. The arrow barely misses the orc priest.
The orc priest closely misses you.
You shoot an arrow.
The arrow closely misses the orc priest.
The orc priest invokes the aid of Beogh against you.
Pain shoots through your body!
You die...

#####.###........#....##.
#####.#######.##.#######%
#####.#######.#..........
#####......##.###########
##########.##.......# #..
##########.########.# #.#
###...?........#..#.###.#
#####.####.###)#......#.#
#####.#.@....#.#.##.#.#.#
#####..o.[..<#.#....#.#.#
##############.####.#.#.#
##############.....##.#.#
##################.##.#.#
############## #.##.#.#
#....#.# ######.# #..


You could see an orc priest.

Vanquished Creatures
  A gnoll (D:1)
  3 adders
  A dart slug (D:2)
  2 orcs
  2 endoplasms
  6 goblins
  2 hobgoblins
  2 jackals (D:1)
  2 quokkas (D:1)
  2 ball pythons
  4 bats
  2 frilled lizards (D:1)
  6 kobolds
  9 rats
44 creatures vanquished.

Notes
Turn   | Place    | Note
-------+----------+-------------------------------------------
     0 | D:1      | qw the Deep Elf Hunter began the quest for the Orb.
     0 | D:1      | Reached XP level 1. HP: 12/12 MP: 3/3
     0 | D:1      | 0 ||| qw: Version: 0.3-a-9-g12657ce
     0 | D:1      | 0 ||| qw: Game counter: 2317
     0 | D:1      | 0 ||| qw: Always use a shield: true
     0 | D:1      | 0 ||| qw: God list: Okawaru
     0 | D:1      | 0 ||| qw: Allow faded altars: false
     0 | D:1      | 0 ||| qw: Do Orc after D:15 true
     0 | D:1      | 0 ||| qw: Do second Lair branch before Depths: true
     0 | D:1      | 0 ||| qw: Lair rune preference: random
     0 | D:1      | 0 ||| qw: Plans: Normal
     0 | D:1      | 0 ||| PLANNING D:1-11
    94 | D:1      | Reached skill level 6 in Ranged Weapons
    94 | D:1      | Reached XP level 2. HP: 16/16 MP: 4/4
   530 | D:1      | Reached XP level 3. HP: 20/20 MP: 5/5
   762 | D:1      | 762 ||| UPGRADING to ring of protection from cold.
   763 | D:1      | 763 ||| READING scroll labelled ASCHAM TIAMISI.
   764 | D:1      | 764 ||| READING scroll labelled LELE BEDAYGHOC.
   865 | D:1      | 865 ||| READING 3 scrolls labelled WATOIMACHA.
   866 | D:1      | 866 ||| DROPPING scroll of butterflies.
   867 | D:1      | 867 ||| DROPPING 2 scrolls of amnesia.
   880 | D:2      | Found Goir's Armour Emporium.
   884 | D:2      | 884 ||| BUYING +0 pair of boots (58 gold).
   884 | D:2      | Bought a +0 pair of boots for 58 gold pieces
   884 | D:2      | 884 ||| SHOPLISTING +0 ring mail (52 gold, have 10).
   884 | D:2      | 884 ||| SHOPLISTING +0 scale mail (52 gold, have 10).
   884 | D:2      | 884 ||| SHOPLISTING +1 cloak (149 gold, have 10).
   935 | D:2      | Found a white marble altar of Elyvilon.
  1276 | D:2      | Reached skill level 7 in Ranged Weapons
  1887 | D:2      | 1887 ||| UPGRADING to +0 pair of boots.
  1892 | D:2      | 1892 ||| UPGRADING to +0 ring mail.
  1902 | D:2      | 1902 ||| DROPPING +0 leather armour.
  1903 | D:2      | 1903 ||| READING 2 scrolls labelled XOPSEP KOSI.
  1904 | D:2      | 1904 ||| READING scroll labelled JIHYUKE LOFRUT.
  1905 | D:2      | 1905 ||| DRINKING 3 fizzy yellow potions.
  1906 | D:2      | 1906 ||| DROPPING scroll of revelation.
  1918 | D:3      | Reached XP level 4. HP: 25/25 MP: 6/6
  1920 | D:3      | 1920 ||| STAIRDANCE
  1953 | D:3      | 1953 ||| STAIRDANCE
  1958 | D:2      | HP: 3/25 [orc priest/nerve-wracking pain (4)]
  1961 | D:2      | Killed from afar by an orc priest

Levels and vault maps discovered:
D:1:      matt_arrival_diagonals, layout_basic
D:2:      layout_basic, basic_altar, serial_shops, shop_fountains,
          hangedman_abyss_or_decor_lesser_grid, minmay_rat_gold_closets
D:3:      layout_basic, corner_web_ring, minmay_unequal, uniq_grinder

Skill      XL: |  1  2  3 |
---------------+----------+-----
Ranged Weapons | 6 7 |  7.6
Fighting       | |  1.5
Dodging        | |  2.4
Stealth        | |  1.2

Action                     |  1- 3 |  4- 6 || total
---------------------------+-------+-------++-------
   Fire: Shortbow          |   105 |    17 ||   122
    Use: Scroll            |     5 |       ||     5
         Potion            |     1 |       ||     1
 Armour: Leather armour    |    11 |       ||    11
         Ring mail         |     3 |     3 ||     6
  Dodge: Dodged            |    21 |     9 ||    30

Table legend:
 A = Non-vault XP
 B = Vault XP
 C = Vault XP percentage of total XP
 D = Non-vault monster count
 E = Vault monster count
 F = Vault count percentage of total count
                 A         B        C        D         E       F
            +---------+---------+-------+---------+---------+-------
      Total |     109 |       7 |   6.0 |      37 |       7 |  15.9
            +---------+---------+-------+---------+---------+-------
        D:1 |      46 |       0 |   0.0 |      23 |       0 |   0.0
        D:2 |      45 |       7 |  13.5 |      11 |       7 |  38.9
        D:3 |      18 |       0 |   0.0 |       3 |       0 |   0.0
            +---------+---------+-------+---------+---------+-------
